 Dungeon Crawl Stone Soup version 0.18.1-50-g88ac8fd (webtiles) character file.

2872 Plasmo the Sneak (level 9, -4/78 HPs)
             Began as a Naga Wizard on Oct 23, 2016.
             Was an Initiate of Cheibriados.
             Slain by a wyvern zombie (10 damage)
             ... on level 7 of the Dungeon.
             The game lasted 00:47:04 (7185 turns).

Plasmo the Sneak (Naga Wizard)                      Turns: 7185, Time: 00:47:05

Health: -4/78      AC: 11    Str: 11    XL:     9   Next: 76%
Magic:  3/16       EV: 10    Int: 23    God:    Cheibriados [......]
Gold:   335        SH:  0    Dex: 16    Spells: 4 memorised, 8 levels left

rFire  . . .     SeeInvis +     n - -1 flail (curse)
rCold  . . .     Gourm    .     s - +1 ring mail of Qozou {rCorr Int-3 Dex+6} (curse)
rNeg   . . .     Faith    .     (no shield)
rPois  +         Spirit   .     j - +1 helmet
rElec  .         Dismiss  .     w - +0 cloak
rCorr  +         Reflect  .     (no gloves)
SustAt .         Harm     .     (no barding)
MR     +....                    (no amulet)
Stlth  +++.......               f - +5 ring of intelligence
                                q - +1 ring of protection

@: very slightly contaminated, very slow, somewhat resistant to hostile
enchantments, fairly stealthy
A: see invisible, clumsy 1, deformed body, poison resistance, slowness 2, slow
metabolism 1, spit poison 2, AC +3
a: Spit Poison, Bend Time, Renounce Religion


You were on level 7 of the Dungeon.
You worshipped Cheibriados.
Cheibriados was noncommittal.
You were hungry.

You visited 2 branches of the dungeon, and saw 8 of its levels.

You collected 335 gold pieces.

Inventory:

Hand Weapons
 l - a +0 mace
 n - a cursed -1 flail (weapon)
Missiles
 h - 4 curare-tipped needles
 p - 22 poisoned needles
Armour
 a - a +0 robe
 e - a +0 leather armour
 g - a +3 ring mail
 j - a +1 helmet (worn)
 s - the cursed +1 ring mail of Qozou (worn) {rCorr Int-3 Dex+6}
   (You found it on level 4 of the Dungeon)

   It affects your intelligence (-3).
   It affects your dexterity (+6).
   It protects you from acid and corrosion.
   It has a curse placed upon it.
 w - a +0 cloak (worn)
Magical Staves
 o - an uncursed staff of poison {unknown}
Jewellery
 f - a +5 ring of intelligence (right hand)
 q - a +1 ring of protection (left hand)
Scrolls
 k - 2 scrolls of identify
 m - 2 scrolls of magic mapping
 u - a scroll of amnesia
Potions
 b - a potion of cancellation
Books
 c - a book of Minor Magic

   Spells                             Type                      Level
   a - Magic Dart                     Conjuration                  1
   b - Blink                          Translocation                2
   c - Call Imp                       Summoning                    2
   d - Repel Missiles                 Charms/Air                   2
   e - Slow                           Hexes                        2
   f - Conjure Flame                  Conjuration/Fire             3
   g - Mephitic Cloud                 Conjuration/Poison/Air       3
 i - a book of Maledictions

   Spells                             Type                      Level
   a - Corona                         Hexes                        1
   b - Ensorcelled Hibernation        Hexes/Ice                    2
   c - Confuse                        Hexes                        3
   d - Tukima's Dance                 Hexes                        3
   e - Dazzling Spray                 Conjuration/Hexes            3
Comestibles
 d - 5 bread rations


   Skills:
 * Level 4.0 Fighting
 * Level 4.0 Maces & Flails
 + Level 2.4 Throwing
 * Level 3.4 Armour
 * Level 3.5 Dodging
 + Level 5.1 Stealth
 + Level 2.9 Unarmed Combat
 * Level 4.7 Spellcasting
 * Level 4.4 Conjurations
 - Level 1.0 Summonings
   Level 1.0 Translocations
 * Level 3.8 Fire Magic
 * Level 4.3 Air Magic


You had 8 spell levels left.
You knew the following spells:

 Your Spells              Type           Power        Failure   Level  Hunger
a - Magic Dart            Conj           ####         3%          1    None
b - Call Imp              Summ           ##......     24%         2    None
c - Conjure Flame         Conj/Fire      ###.....     14%         3    ##.....
d - Mephitic Cloud        Conj/Pois/Air  ###.....     21%         3    ##.....


Dungeon Overview and Level Annotations

Branches:
Dungeon (7/15)             Temple (1/1) D:6

Altars:
Ashenzari
Cheibriados
Dithmenos
Elyvilon
Fedhas
Gozag
Kikubaaqudgha
Makhleb
Nemelex Xobeh
Okawaru
Pakellas
Qazlal
Ru
Sif Muna
Trog
Vehumet
Xom
Yredelemnul
The Shining One

Shops:
D:5 [


Innate Abilities, Weirdness & Mutations

You cannot wear boots.
Your serpentine skin is tough (AC +3).
You have supernaturally acute eyesight.
Armour fits poorly on your strangely shaped body.
Your system is resistant to poisons.
You cover ground very slowly.
You have a slow metabolism.
You can spit poison.
You are clumsy. (Dex -2)


Message History

* * * LOW HITPOINT WARNING * * *
Drink which item? (? for menu, Esc to quit)
Okay, then.
You hit the wyvern zombie but do no damage.
The wyvern zombie bites you but does no damage.
The orc warrior is engulfed in noxious fumes.
The phantom blinks!
The wyvern zombie barely misses you.
You catch the helpless orc warrior completely off-guard!
You hit the orc warrior but do no damage.
The orc warrior is moderately wounded.
The wyvern zombie bites you!
* * * LOW HITPOINT WARNING * * *
The orc warrior is engulfed in noxious fumes.
The orc warrior appears confused.
You hit the orc warrior but do no damage.
The orc warrior is moderately wounded.
The wyvern zombie bites you but does no damage.
The killer bee stings the wyvern zombie but does no damage.
The wyvern zombie bites you!
You die...

#..........# #.#
##......#...#
##...###.#...#
#........#...##
. .....#......(#
...###.#.###...#
.......#.(.....#
#.....#......
#.###@# ..##.
#..$.Z# .#
..$..#.oy # .###
#$### #. $. ##


You could see an orc warrior (confused), a killer bee (confused) and a wyvern
zombie.

Vanquished Creatures
  6 yaks
  A water moccasin (D:6)
  An ice beast (D:5)
  A sky beast (D:5)
  3 orc warriors
  2 black bears
  2 ogres (D:5)
  A centaur (D:6)
  2 giant frogs
  A scorpion (D:3)
  4 jellies
  2 crimson imps
  3 hounds
  5 orc priests
  A centaur skeleton (D:5)
  An iguana (D:6)
  4 orc wizards
  3 worker ants
  A hound skeleton (D:5)
  A worker ant zombie (D:6)
  A gnoll (D:7)
  9 adders
  A shadow imp (D:5)
  2 adder skeletons
  2 worms (D:2)
  2 dart slugs
  3 giant geckos
  24 orcs
  6 bats
  4 giant cockroaches
  9 goblins
  8 hobgoblins
  4 jackals (D:2)
  4 kobolds
  4 quokkas
  2 ball pythons
  A giant cockroach zombie (D:5)
  6 giant newts
  7 rats
144 creatures vanquished.

Vanquished Creatures (others)
  A gnoll sergeant (D:6)
  A giant frog (D:6)
  A hound (D:6)
3 creatures vanquished.

Grand Total: 147 creatures vanquished

Notes
Turn   | Place    | Note
--------------------------------------------------------------
     0 | D:1      | Plasmo the Naga Wizard began the quest for the Orb.
     0 | D:1      | Reached XP level 1. HP: 15/15 MP: 4/4
   389 | D:1      | Reached XP level 2. HP: 22/22 MP: 0/6
  1021 | D:2      | Reached XP level 3. HP: 25/30 MP: 2/7
  1484 | D:2      | Learned a level 2 spell: Call Imp
  1488 | D:2      | Learned a level 3 spell: Conjure Flame
  1660 | D:2      | Reached skill level 1 in Armour
  1681 | D:2      | Reached skill level 1 in Unarmed Combat
  1681 | D:2      | Reached XP level 4. HP: 18/37 MP: 1/8
  1686 | D:2      | Learned a level 3 spell: Mephitic Cloud
  2347 | D:3      | Reached skill level 1 in Fighting
  2674 | D:3      | Found a sparkling altar of Nemelex Xobeh.
  2683 | D:3      | Reached skill level 1 in Maces & Flails
  2683 | D:3      | Reached skill level 1 in Throwing
  2833 | D:3      | Reached skill level 1 in Fire Magic
  2833 | D:3      | Reached XP level 5. HP: 36/44 MP: 2/9
  3260 | D:3      | Reached XP level 6. HP: 51/51 MP: 11/11
  3639 | D:4      | Reached skill level 1 in Air Magic
  3746 | D:4      | Got an encrusted ring mail
  3784 | D:4      | Identified the cursed +1 ring mail of Qozou {rCorr Int-3 Dex+6} (You found it on level 4 of the Dungeon)
  3839 | D:4      | Found a blossoming altar of Fedhas.
  4076 | D:5      | Entered Level 5 of the Dungeon
  4134 | D:5      | Reached XP level 7. HP: 60/60 MP: 7/12
  4415 | D:5      | Gained mutation: You are clumsy. (Dex -2) [potion of mutation]
  4415 | D:5      | Gained mutation: You tend to lose your temper in combat. [potion of mutation]
  4415 | D:5      | Lost mutation: You tend to lose your temper in combat. [potion of mutation]
  4764 | D:5      | Found Buaggyos's Armour Shop.
  4798 | D:5      | Reached skill level 4 in Stealth
  5113 | D:5      | Reached XP level 8. HP: 58/68 MP: 4/13
  5358 | D:5      | Noticed a yak
  5358 | D:5      | Noticed a yak
  5360 | D:5      | Noticed a yak
  5364 | D:5      | Noticed a yak
  5365 | D:5      | Noticed a yak
  5366 | D:5      | Noticed a yak
  5393 | D:4      | Killed a yak
  5594 | D:5      | Killed a yak
  5598 | D:5      | Killed a yak
  5609 | D:5      | Killed a yak
  5610 | D:5      | Killed a yak
  5610 | D:5      | Reached XP level 9. HP: 69/76 MP: 9/15
  6314 | D:6      | Found a shimmering altar of Xom.
  6471 | D:6      | Reached skill level 5 in Stealth
  6774 | D:6      | Found a staircase to the Ecumenical Temple.
  6780 | Temple   | Entered the Ecumenical Temple
  6818 | Temple   | Became a worshipper of Cheibriados the Contemplative
  7185 | D:7      | Slain by a wyvern zombie

Skill      XL: |  1  2  3  4  5  6  7  8  9 |
---------------+----------------------------+-----
Armour         | 1 2 3 |  3.4
Unarmed Combat | 1 2 |  2.9
Fighting       | 1 2 3 4 |  4.0
Maces & Flails | 1 2 3 4 |  4.0
Throwing       | 1 2 |  2.4
Fire Magic     | 1 2 3 |  3.8
Dodging        | 2 3 |  3.5
Conjurations   | 2 3 4 |  4.4
Air Magic      | 1 2 3 4 |  4.3
Stealth        | 4 5 |  5.1
Spellcasting   | 4 |  4.7
Summonings     | |  1.0
Translocations | |  1.0

Action                   |  1- 3 |  4- 6 |  7- 9 || total
-------------------------+-------+-------+-------++-------
Melee: Unarmed           |     7 |       |       ||     7
       Dagger            |     2 |       |       ||     2
       Hand axe          |     2 |       |       ||     2
       Club              |    33 |    36 |       ||    69
       Punch             |       |     1 |     3 ||     4
       Mace              |       |    32 |   136 ||   168
       Flail             |       |       |    38 ||    38
 Cast: Magic Dart        |    74 |   125 |   138 ||   337
       Mephitic Cloud    |       |     2 |    18 ||    20
       Conjure Flame     |       |       |     7 ||     7
 Abil: Spit Poison       |     7 |    30 |    42 ||    79
  Use: Scroll            |     4 |     8 |     4 ||    16
       Potion            |       |     3 |     4 ||     7
 Stab: Sleeping          |       |     1 |       ||     1
       Confused          |       |       |     9 ||     9
  Eat: Chunk             |     2 |     7 |     4 ||    13
       Pizza             |       |     1 |     1 ||     2
       Beef jerky        |       |       |     1 ||     1
       Meat ration       |       |       |     1 ||     1
Armor: Robe              |     9 |       |       ||     9
       Leather armour    |     1 |    27 |       ||    28
       Ring mail         |       |    11 |   117 ||   128
Dodge: Dodged            |    44 |    54 |   124 ||   222
